 Dungeon Crawl Stone Soup version 0.29.0-10-g45618ea6d2 (webtiles) character file.

Game seed: 2491773696981085085

471 robertstho the Ruffian (level 7, 0/37 HPs)
             Began as a Vine Stalker Berserker on Sept 1, 2022.
             Was a Believer of Trog.
             Slain by Pikel
             ... wielding a +2 whip of electrocution
              (5 damage)
             ... on level 4 of the Dungeon.
             The game lasted 00:04:40 (2606 turns).

robertstho the Ruffian (Vine Stalker Berserker)     Turns: 2606, Time: 00:04:41

Health: 0/37       AC: 10    Str: 21    XL:     7   Next: 9%
Magic:  0/8        EV: 11    Int:  7    God:    Trog [**....]
Gold:   118        SH:  0    Dex: 14    Spells: 6/6 levels left

rFire   + . .      SeeInvis .     - Unarmed
rCold   . . .      Faith    .   (no shield)
rNeg    . . .      Spirit   +   c - +3 ring mail {rF+}
rPois   .          Reflect  .   j - +1 helmet
rElec   .          Harm     .   (no cloak)
rCorr   +          Rampage  .   (no gloves)
Will    .....                   (no boots)
Stlth   ++........              (no amulet)
HPRegen 0.92/turn               o - ring of resist corrosion
MPRegen 0.11/turn               (no ring)

@: weak-willed, on berserk cooldown, slowed, very slow
A: fangs 2, regeneration 1, magic shield, antimagic bite, no potion heal 2
a: Renounce Religion, Berserk, Trog's Hand


You were on level 4 of the Dungeon.
You worshipped Trog.
Trog was pleased with you.
You visited 1 branch of the dungeon, and saw 5 of its levels.

You collected 118 gold pieces.

Inventory:

Armour
 c - a +3 ring mail of fire resistance (worn)
 j - a +1 helmet (worn)
Jewellery
 o - a ring of resist corrosion (left hand)
Wands
 l - a wand of flame (25)
Scrolls
 a - 2 scrolls of fog
 k - a scroll of enchant armour
 n - 2 scrolls of identify
 p - a scroll of enchant weapon {unknown}
 q - a scroll of immolation {unknown}
Potions
 b - a potion of might {unknown}
 d - a potion of cancellation
 e - 3 potions of curing {unknown}
 f - a potion of magic {unknown}
 g - 2 potions of mutation {unknown}
 h - 2 potions of invisibility
 m - a potion of resistance {unknown}


   Skills:
 * Level 4.2 Fighting
 * Level 2.6 Armour
 + Level 2.1 Dodging
 * Level 4.1 Stealth
 + Level 5.1 Unarmed Combat


You had 6 spell levels left.
You didn't know any spells.
Your spell library was empty.

Dungeon Overview and Level Annotations

Branches:
Dungeon (5/15)
 Temple: D:4-7

Altars:

Shops:
D:1 =   D:2 *

Annotations:
D:4 Pikel


Innate Abilities, Weirdness & Mutations

You have extremely sharp teeth.
Your natural rate of healing is unusually fast.
When hurt, damage is shared between your health and your magic reserves.
Your bite disrupts and absorbs the magic of your enemies.
Potions cannot restore your health.


Message History

r - a scroll labelled AGOONEL ZIPLI
As you read the scroll labelled AGOONEL ZIPLI, it crumbles to dust.
Magic quickly surges around you.
It was a scroll of vulnerability.
Pikel hits you but does no damage. The lemure barely misses you.
As you read the scroll labelled DUCAZABARI, it crumbles to dust.
A profound silence engulfs you.
It was a scroll of silence.
Pikel hits you but does no damage. The lemure hits you but does no damage.
The lemure hits you. Pikel barely misses you.
The lemure attacks as you move away! The lemure hits you.
The lemure attacks as you move away! The lemure misses you.
The lemure attacks as you move away! The lemure closely misses you.
The lemure completely misses you. Pikel hits you but does no damage.
You are electrocuted!!
The lemure attacks as you move away!
The lemure hits you but does no damage. x2
The lemure barely misses you. The lemure attacks as you move away!
The lemure closely misses you. The lemure hits you but does no damage.
The lemure attacks as you move away! The lemure closely misses you.
The lemure hits you!
You closely miss Pikel. Pikel hits you but does no damage.
You are electrocuted!
You punch Pikel! Your bite misses Pikel.
Pikel is moderately wounded.
Pikel hits you with a +2 whip of electrocution.
Pikel barely misses you.
You closely miss Pikel. You bite Pikel. You drain his power.
You feel invigorated.
Pikel is moderately wounded.
Pikel hits you with a +2 whip of electrocution!
* * * LOW HITPOINT WARNING * * *
Aiming: Throw Flame
Press: ? - help, Shift-Dir - straight line, f - Pikel
Aim: Pikel, wielding a +2 whip of electrocution and wearing a +0 robe (moderately wounded, weak-willed, 60% to hit)
The puff of flame hits Pikel.
Pikel is heavily wounded.
Your hearing returns.
Pikel hits you with a +2 whip of electrocution!
* * * LOW HITPOINT WARNING * * *
Pikel hits you with a +2 whip of electrocution.
You die...

#.#####.##.#...........
#.# #.................
#.# #.###.###.#.......
#.# #.# #.# ###....#..
###########.# #.# #.#
#....##. .........##.#
#.###.# #.......
.........##.# #.. ...
#††####. .........##.#
#.# #.# #..###..
.........##.# #@#
#+#####.......
..........#.####K#
.......<....#
..........#..5.55#
.........####
...........5.#####
.........#
..........##.#
.........# #
..........##5#
.........# #
..........##5#
.........# #
.........K..##
.........# .
..........###
.........# .


You could see Pikel (weak-willed) and 2 lemures.

Vanquished Creatures
  Eustachio (D:4)
  An ogre (D:2)
  Blork the orc (D:4)
  2 hounds
  Jessica (D:3)
  5 adders
  A worm (D:2)
  A dart slug (D:4)
  5 orcs (D:3)
  A ball python (D:1)
  5 bats
  3 endoplasms
  3 giant cockroaches
  2 goblins (D:2)
  5 hobgoblins
  9 kobolds
  2 quokkas
  4 frilled lizards
  3 rats
55 creatures vanquished.

Vanquished Creatures (collateral kills)
  An endoplasm (D:3)
1 creature vanquished.

Grand Total: 56 creatures vanquished

Notes
Turn   | Place    | Note
-------+----------+-------------------------------------------
     0 | D:1      | robertstho the Vine Stalker Berserker began the quest for
                  | the Orb.
     0 | D:1      | Reached XP level 1. HP: 11/11 MP: 2/2
   220 | D:1      | Reached XP level 2. HP: 16/16 MP: 3/3
   450 | D:1      | Found Taosirch's One-of-a-Kind Rings.
   920 | D:2      | Found Vakil's Assorted Antiques.
   988 | D:2      | Reached XP level 3. HP: 20/20 MP: 4/4
  1018 | D:2      | Noticed an ogre
  1026 | D:2      | Killed an ogre
  1027 | D:2      | Reached skill level 1 in Stealth
  1027 | D:2      | Gained mutation: Your natural rate of healing is unusually
                  | fast. [Vine Stalker growth]
  1027 | D:2      | Reached XP level 4. HP: 7/25 MP: 5/5
  1349 | D:2      | Found a faded altar of an unknown god.
  1356 | D:2      | Reached ** piety under Trog
  1587 | D:2      | Reached XP level 5. HP: 29/29 MP: 6/6
  1913 | D:3      | Reached skill level 4 in Unarmed Combat
  1937 | D:3      | Noticed Jessica
  1946 | D:3      | Killed Jessica
  2073 | D:3      | You fall into a shaft and drop 2 floors!
  2073 | D:5      | Entered Level 5 of the Dungeon
  2329 | D:4      | Reached XP level 6. HP: 33/33 MP: 4/7
  2437 | D:4      | Noticed Blork the orc
  2450 | D:4      | Killed Blork the orc
  2565 | D:4      | Noticed Eustachio
  2576 | D:4      | Killed Eustachio
  2577 | D:4      | Reached skill level 5 in Unarmed Combat
  2577 | D:4      | Reached XP level 7. HP: 37/37 MP: 8/8
  2580 | D:4      | Noticed Pikel
  2606 | D:4      | Slain by Pikel

Illustrated notes

Levels and vault maps discovered:
D:1:      ncdulo_smallfort, layout_loops_cross, nrook_mini_backslash,
          nicolae_shop_unique_rings
D:2:      layout_loops_corners, hellmonk_ecumenical_altar_prayer_group,
          serial_shops, nicolae_shop_waterfront, minmay_indecisive_spiral
D:3:      layout_basic, uniq_jessica
D:4:      layout_basic, nicolae_inconvenience_store, uniq_pikel,
          uniq_blork_the_orc, uniq_eustachio
D:5:      layout_cave_pools, mainiacjoe_overflow_divided_tiny, serial_demonic,
          serial_demonic_e, serial_demonic_d, serial_demonic_b, serial_demonic_c

Skill      XL: |  1  2  3  4  5  6 |
---------------+-------------------+-----
Fighting       | 3 4 |  4.2
Armour         | 2 |  2.6
Stealth        | 1 2 3 4 |  4.1
Unarmed Combat | 4 5 |  5.1
Dodging        | 2 |  2.1

Action                   |  1- 3 |  4- 6 |  7- 9 || total
-------------------------+-------+-------+-------++-------
Melee: Unarmed           |    49 |   124 |     5 ||   178
       Bite              |    13 |    27 |     1 ||    41
       Punch             |     2 |     4 |       ||     6
Invok: Berserk           |     1 |     3 |       ||     4
Evoke: Wand              |       |       |     1 ||     1
  Use: Scroll            |     3 |     4 |     2 ||     9
 Stab: Sleeping          |     2 |     4 |       ||     6
Armor: Animal skin       |     5 |       |       ||     5
       Steam dragon scal |     6 |    21 |       ||    27
       Ring mail         |       |    29 |     9 ||    38
Dodge: Dodged            |    24 |    57 |    10 ||    91
